 Dungeon Crawl Stone Soup version 0.26-a0-52-gd53d4cd058 (webtiles) character file.

Game seed: 18283171456833366216

5331 LSt the Cleaver (level 10, -9/83 HPs)
             Began as a Human Wanderer on June 6, 2020.
             Was an Elder of Okawaru.
             Mangled by a spiny frog (16 damage)
             ... on level 1 of the Lair of Beasts.
             The game lasted 01:18:22 (14149 turns).

LSt the Cleaver (Human Wanderer)                   Turns: 14149, Time: 01:18:23

Health: -9/83      AC:  9    Str: 17    XL:     10   Next: 96%
Magic:  10/11      EV: 16    Int: 10    God:    Okawaru [****..]
Gold:   514        SH:  0    Dex: 20    Spells: 8/11 levels left

rFire    . . .     SeeInvis .   a - +2 hand axe (elec)
rCold    . . .     Gourm    .   (no shield)
rNeg     . . .     Faith    .   q - +0 ring mail (curse)
rPois    .         Spirit   .   F - +1 helmet
rElec    .         Reflect  .   w - +0 cloak
rCorr    .         Harm     .   (no gloves)
MR       .....                  (no boots)
Stlth    +++.......             (no amulet)
HPRegen  0.23/turn              u - +6 ring of dexterity
MPRegen  0.12/turn              (no ring)

@: heroism
A: no striking features
a: Heroism, Renounce Religion


You were on level 1 of the Lair of Beasts.
You worshipped Okawaru.
Okawaru was greatly pleased with you.
You were not hungry.

You visited 2 branches of the dungeon, and saw 9 of its levels.

You collected 514 gold pieces.

Inventory:

Hand Weapons
 a - a +2 hand axe of electrocution (weapon)
 b - a +0 hunting sling
 j - a +0 flail of protection
 v - a +0 mace
 Z - a +2 battleaxe of electrocution
Missiles
 h - 5 boomerangs
 k - 234 stones (quivered)
 l - 99 bolts
 o - 109 arrows
 E - 58 sling bullets
Armour
 d - a +0 robe
 q - a cursed +0 ring mail (worn)
 w - a +0 cloak (worn)
 y - a +0 plate armour
 D - a +0 chain mail
 F - a +1 helmet (worn)
 K - a +0 scale mail
 Q - a +0 robe of magic resistance
Jewellery
 p - an uncursed ring of stealth
 u - a +6 ring of dexterity (left hand)
 N - an uncursed ring of fire
Wands
 r - a wand of iceblast (11)
 L - a wand of polymorph (8)
 V - a wand of paralysis (10)
 Y - a wand of flame (26)
Scrolls
 c - a scroll of identify
 e - a scroll of fog {unknown}
 m - a scroll of fear {unknown}
 n - 2 scrolls of blinking
 x - 2 scrolls of amnesia
 A - 2 scrolls of teleportation
 B - a scroll of noise {unknown}
 C - 5 scrolls of enchant weapon
 G - 2 scrolls of remove curse
 H - a scroll of enchant armour {unknown}
 T - a scroll of summoning {unknown}
Potions
 i - 2 potions of curing
 s - a potion of magic {unknown}
 z - 2 potions of ambrosia
 I - a potion of resistance {unknown}
 J - a potion of lignification {unknown}
 M - 2 potions of brilliance
 O - 2 potions of might {unknown}
 P - 2 potions of haste {unknown}
 R - a potion of degeneration {unknown}
 S - 2 potions of flight {unknown}
 U - 2 potions of invisibility {unknown}
Comestibles
 f - 10 rations
 g - 8 chunks of flesh


   Skills:
 + Level 9.4(14.4) Fighting
 + Level 11.5(16.5) Axes
 - Level 2.0(7.0) Dodging
 - Level 1.0(6.0) Stealth
 - Level 3.0(8.0) Unarmed Combat
 - Level 1.0 Spellcasting
   Level 2.0 Hexes
 - Level 2.0 Translocations
 - Level 2.3 Invocations
 - Level 1.0 Evocations


You had 8 spell levels left.
You knew the following spells:

 Your Spells              Type           Power        Failure   Level  Hunger
a - Sting                 Tmut/Pois      #...         52%         1    ##.....
b - Blink                 Tloc           N/A          36%         2    ###....

Your spell library contained the following spells:

 Spells                   Type           Power        Failure   Level  Hunger
 Shroud of Golubria       Chrm/Tloc      #.....       52%         2    ###....
 Gell's Gravitas          Tloc           #.........   61%         3    ####...
 Lesser Beckoning         Tloc           #.........   61%         3    ####...
 Teleport Other           Tloc           #.......     61%         3    ####...
 Passwall                 Tmut/Erth      #.......     65%         2    ###....
 Sticks to Snakes         Tmut           #.......     65%         2    ###....
 Ignite Poison            Fire/Tmut/Pois #.......     87%         3    ####...
 Passage of Golubria      Tloc           N/A          95%         4    #####..


Dungeon Overview and Level Annotations

Branches:
Dungeon (8/15)             Temple (0/1) D:6            Lair (1/6) D:8

Altars:
Ashenzari
Gozag
Hepliaklqana
Kikubaaqudgha
Makhleb
Nemelex Xobeh
Okawaru
Ru
Trog
Uskayaw
Wu Jian
Zin

Shops:
D:5 (

Annotations:
D:7 troll
D:8 3 runed translucent doors, Morrissey's ghost, novice TrMo


Message History

The spiny frog is almost dead.
You feel sick. The spiny frog stings you!
You are lethally poisoned!
The spiny frog poisons you!
Press: ? - help, v - describe, . - travel, g - get item
Here: a spiny frog (almost dead)
A porcupine corpse.
The floor, spattered with blood.
You are too injured to fight recklessly!
You hit the spiny frog but do no damage.
The spiny frog is almost dead.
You feel sick. The spiny frog stings you!
* * * LOW HITPOINT WARNING * * *
You hit the spiny frog.
The spiny frog is almost dead.
* * * LOW HITPOINT WARNING * * *
You feel sick. The spiny frog stings you!
* * * LOW HITPOINT WARNING * * *
You feel better. The spiny frog stings you!
You die...

#......# .......# ...
#...... #+.# ..... ..#
.... ###.# #..##
###.#.### #...#
###.......# #F#
#?........######@#######
#.#.......÷..##........#
#.........##..#.<÷.....#
#.#........#...........#
#........##P#........#
####.########........#
### ##..#.#### ######


You could see a spiny frog.

Vanquished Creatures
  Pikel (D:6)
  3 hippogriffs
  A spriggan (D:7)
  A yak (D:8)
  A wyvern (D:8)
  A hungry ghost (D:7)
  2 porcupines
  3 ice beasts
  An orc warrior (D:6)
  4 phantoms
  4 slaves
  3 ogres
  3 black bears
  A sky beast (D:8)
  A crocodile (Lair:1)
  7 bullfrogs
  6 scorpions
  4 wights (D:7)
  A howler monkey (D:7)
  2 electric eels (D:7)
  2 jellies
  5 orc priests
  3 centaur skeletons
  3 hounds
  2 bullfrog skeletons
  5 worker ants
  2 iguanas
  7 orc wizards
  4 gnolls (D:6)
  8 adders
  4 shadow imps
  3 oozes
  An adder zombie (D:6)
  2 worms (D:2)
  5 dart slugs
  5 leopard geckos
  34 orcs
  4 ball pythons
  4 giant cockroaches
  8 goblins
  15 hobgoblins
  7 jackals
  3 quokkas
  10 bats
  11 frilled lizards
  A jackal skeleton (D:6)
  4 kobolds
  3 quokka skeletons
  6 rats
  2 fungi (D:8)
  2 plants (D:8)
225 creatures vanquished.

Vanquished Creatures (others)
  A fungus (D:8)
  2 plants (D:8)
3 creatures vanquished.

Grand Total: 228 creatures vanquished

Notes
Turn   | Place    | Note
-------+----------+-------------------------------------------
     0 | D:1      | LSt the Human Wanderer began the quest for the Orb.
     0 | D:1      | LSt set off with the following items: a +0 dagger, a +0
                  | robe, a ration; and the following spell memorised: Sting;
                  | and the following spells available to memorise: Blink,
                  | Shroud of Golubria, Gell's Gravitas, Lesser Beckoning,
                  | Teleport Other, Passwall, Sticks to Snakes, Ignite Poison,
                  | Passage of Golubria
     0 | D:1      | Reached XP level 1. HP: 13/13 MP: 2/2
   222 | D:1      | Reached skill level 1 in Fighting
   248 | D:1      | Reached XP level 2. HP: 22/22 MP: 3/3
   252 | D:1      | Learned a level 2 spell: Blink
   850 | D:1      | Reached XP level 3. HP: 28/28 MP: 4/4
  1736 | D:2      | Reached skill level 1 in Dodging
  1806 | D:2      | Reached XP level 4. HP: 35/35 MP: 5/5
  1990 | D:2      | Found an opulent altar of Gozag.
  2213 | D:2      | Found an ornate altar of the Wu Jian Council.
  2396 | D:2      | Reached XP level 5. HP: 34/42 MP: 6/6
  2466 | D:2      | Found a shattered altar of Ashenzari.
  2480 | D:2      | Found a burning altar of Makhleb.
  3672 | D:3      | Reached skill level 5 in Fighting
  4271 | D:2      | Reached XP level 6. HP: 30/51 MP: 7/7
  5674 | D:3      | Found a faded altar of an unknown god.
  5819 | D:4      | Reached skill level 1 in Axes
  5911 | D:4      | Reached skill level 2 in Axes
  6091 | D:4      | Reached skill level 3 in Axes
  6251 | D:4      | Reached XP level 7. HP: 37/56 MP: 8/8
  6448 | D:4      | Found a hide-covered altar of Uskayaw.
  6457 | D:4      | Found a sparkling altar of Nemelex Xobeh.
  6600 | D:5      | Entered Level 5 of the Dungeon
  6822 | D:5      | Reached skill level 4 in Axes
  7234 | D:5      | Found Dumos's Antique Weapon Emporium.
  7335 | D:5      | Reached skill level 5 in Axes
  7684 | D:5      | Reached skill level 6 in Axes
  7684 | D:5      | Reached XP level 8. HP: 62/62 MP: 9/9
  7837 | D:5      | Found a hazy altar of Hepliaklqana.
  7837 | D:5      | Found an iron altar of Okawaru.
  7843 | D:5      | Found a glowing silver altar of Zin.
  7843 | D:5      | Found a sacrificial altar of Ru.
  7845 | D:5      | Became a worshipper of Warmaster Okawaru
  7851 | D:5      | Found a bloodstained altar of Trog.
  8474 | D:6      | Noticed a troll
  8485 | D:7      | Found an ancient bone altar of Kikubaaqudgha.
  8664 | D:6      | Found a staircase to the Ecumenical Temple.
  8665 | D:6      | Noticed Pikel
  9016 | D:7      | Reached * piety under Okawaru
  9016 | D:7      | Reached skill level 7 in Axes
  9145 | D:7      | Reached skill level 1 in Invocations
  9445 | D:7      | Reached skill level 8 in Axes
  9445 | D:7      | Reached XP level 9. HP: 55/69 MP: 10/10
  9450 | D:7      | Reached ** piety under Okawaru
 10061 | D:7      | Reached skill level 9 in Axes
 11150 | D:6      | Killed Pikel
 11150 | D:6      | Reached skill level 10 in Axes
 11672 | D:6      | Reached *** piety under Okawaru
 11672 | D:6      | Reached XP level 10. HP: 60/77 MP: 11/11
 12283 | D:8      | Found a runed translucent gate.
 12283 | D:8      | Found a runed translucent gate.
 12283 | D:8      | Found a runed translucent gate.
 12294 | D:8      | Noticed Morrissey's ghost (novice TrMo)
 12294 | D:8      | Identified the +7 dagger "Caoxeo" {pain, Fragile rN+ Dex+6}
 12723 | D:8      | Found a staircase to the Lair.
 12764 | D:8      | Reached skill level 11 in Axes
 13065 | D:8      | Reached **** piety under Okawaru
 14019 | Lair:1   | Entered Level 1 of the Lair of Beasts
 14130 | Lair:1   | Noticed a spiny frog
 14148 | Lair:1   | HP: 1/83 [spiny frog (15)]
 14149 | Lair:1   | Mangled by a spiny frog

Illustrated notes

Levels and vault maps discovered:
D:1:      dpeg_arrival_short_road, layout_basic, serial_bayou_pond_d
D:2:      layout_loops_ring, grunt_temple_overflow_open, minmay_liquid_box,
          hangedman_decor_peaks_small,
          nicolae_gozag_cash_rules_everything_around_me
D:3:      layout_basic, chequers_ecumenical_altar_simple
D:4:      layout_cave_pools, amethyst_overflow_temple_binary, first_ration,
          minmay_stone_trees_large
D:5:      layout_basic, minitemple, serial_shops, shop
D:6:      kennysheep_big_flooded_room, layout_cave_pools,
          minmay_temple_entry_glass, corexii_item_surrounded_by_moat,
          lightli_minifort, uniq_pikel
D:7:      layout_basic, overflow_temple_1_default, serial_glass,
          glass_columns_c, glass_columns_b, minmay_strange_pillars,
          item_on_display_a, feat_on_display, minmay_strange_pillars,
          the_bakery, minivault_14
D:8:      layout_rooms, due_lair_maze_entry_diamond,
          gammafunk_ghost_nasty_kobolds, chequers_serial_rivers_small_a,
          interstate_on_off
Lair:1:   layout_roguey, serial_bayou_shore_a

Skill      XL: |  1  2  3  4  5  6  7  8  9 10 |
---------------+-------------------------------+-----
Fighting       | 1 2 3 4 5 6 9 |  9.4
Dodging        | 1 2 |  2.0
Axes           | 3 6 8 10 11 | 11.5
Invocations    | 2 |  2.3
Stealth        | |  1.0
Unarmed Combat | |  3.0
Spellcasting   | |  1.0
Hexes          | |  2.0
Translocations | |  2.0
Evocations     | |  1.0

Action                   |  1- 3 |  4- 6 |  7- 9 | 10-12 || total
-------------------------+-------+-------+-------+-------++-------
Melee: Unarmed           |   131 |   227 |       |       ||   358
       Punch             |     1 |     9 |     3 |     6 ||    19
       Hand axe          |       |    64 |   272 |   192 ||   528
 Fire: Hunting sling     |       |    16 |    20 |       ||    36
Throw: Stone             |       |     1 |       |       ||     1
Invok: Heroism           |       |       |     2 |     2 ||     4
Evoke: Wand              |       |       |       |     1 ||     1
  Use: Scroll            |       |     4 |     4 |     3 ||    11
       Potion            |       |     1 |     1 |     2 ||     4
 Stab: Sleeping          |       |     1 |       |       ||     1
       Distracted        |       |       |     1 |       ||     1
  Eat: Chunk             |     3 |    14 |    12 |     5 ||    34
       Ration            |       |       |     4 |     1 ||     5
Armor: Robe              |    26 |       |       |       ||    26
       Ring mail         |       |   124 |    86 |    63 ||   273
Dodge: Dodged            |    59 |   145 |   115 |    75 ||   394

Table legend:
 A = Non-vault XP
 B = Vault XP
 C = Vault XP percentage of total XP
 D = Non-vault monster count
 E = Vault monster count
 F = Vault count percentage of total count
                 A         B        C        D         E       F
            +---------+---------+-------+---------+---------+-------
      Total |    5465 |    2152 |  28.3 |     201 |      16 |   7.4
            +---------+---------+-------+---------+---------+-------
        D:1 |      53 |       0 |   0.0 |      25 |       0 |   0.0
        D:2 |     209 |       0 |   0.0 |      39 |       0 |   0.0
        D:3 |      58 |       0 |   0.0 |      24 |       0 |   0.0
        D:4 |     266 |       0 |   0.0 |      16 |       0 |   0.0
        D:5 |     637 |       0 |   0.0 |      21 |       0 |   0.0
        D:6 |     642 |     857 |  57.2 |      27 |       5 |  15.6
        D:7 |    1429 |     431 |  23.2 |      23 |       3 |  11.5
        D:8 |    1671 |     864 |  34.1 |      23 |       8 |  25.8
     Lair:1 |     500 |       0 |   0.0 |       3 |       0 |   0.0
            +---------+---------+-------+---------+---------+-------
